 Dungeon Crawl Stone Soup version 0.31-a0-803-g95b03c3367 (webtiles) character file.

Game seed: 16464847264243468179

38 Shayle the Trooper (level 3, -2/37 HPs)
             Began as an Ogre Hexslinger on Sept 20, 2023.
             Slain by a cerulean imp
             ... wielding a +0 spear
             ... summoned by Natasha
              (4 damage)
             ... on level 2 of the Dungeon.
             The game lasted 00:02:11 (1151 turns).

Shayle the Trooper (Ogre Hexslinger)                Turns: 1151, Time: 00:02:14

Health: -2/37      AC:  3    Str: 11 (12) XL:     3   Next: 43%
Magic:  6/6        EV:  9    Int: 13 (16) God:
Gold:   20         SH:  0    Dex:  9 (11) Spells: 7/7 levels left

rFire   . . .        a - +1 sling
rCold   . . .        (no shield)
rNeg    . . .        c - +0 robe
rPois   .            (helmet restricted)
rElec   .            (no cloak)
rCorr   .            (gloves unavailable)
SInv    .            (boots unavailable)
Will    .....        (no amulet)
Stlth   +            (no ring)
HPRegen 0.26/turn    (no ring)
MPRegen 0.10/turn

%: no passive effects
@: no status effects
A: large, unfitting armour, tough skin 1
a: no special abilities


You were on level 2 of the Dungeon.
You visited 1 branch of the dungeon, and saw 2 of its levels.

You collected 20 gold pieces.

Inventory:

Hand Weapons
 a - a +1 sling (weapon)
 h - a +1 vampiric short sword
Armour
 c - a +0 robe (worn)
Scrolls
 b - a scroll of poison
 d - 2 scrolls of identify {unknown}
 e - 2 scrolls of noise {unknown}
Potions
 g - a potion of haste {unknown}
 i - a potion of brilliance {unknown}


   Skills:
 + Level 3.2 Fighting
 - Level 1.3 Ranged Weapons
 - Level 1.7 Dodging
 + Level 2.6 Spellcasting
 - Level 2.6 Hexes
 - Level 0.8 Fire Magic


You had 7 spell levels left.
You didn't know any spells.
Your spell library contained the following spells:

 Spells                   Type           Power      Damage    Failure   Level
 Jinxbite                 Hex            16%        N/A       12%         2
 Sigil of Binding         Hex            8%         N/A       24%         3
 Inner Flame              Hex/Fire       6%         N/A       34%         3
 Cause Fear               Hex            4%         N/A       61%         4
 Dimensional Bullseye     Hex/Tloc       2%         N/A       80%         4


Dungeon Overview and Level Annotations

Branches:
Dungeon (2/15)

Altars:

Annotations:
D:2 Natasha


Innate Abilities, Weirdness & Mutations

You are too large for most types of armour.
You have tough skin. (AC +1)


Message History

Natasha claws you.
The cerulean imp hits you but does no damage.
Natasha mumbles some strange words.
You shoot a sling bullet.
The sling bullet closely misses Natasha.
The cerulean imp hits you from afar with a +0 spear.
Natasha closely misses you.
The cerulean imp hits you with a +0 spear.
The cerulean imp closely misses you.
You shoot a sling bullet. The sling bullet hits Natasha.
Natasha is heavily wounded.
Natasha stares at you and mumbles some strange words.
The magic dart hits you.
The cerulean imp hits you with a +0 spear.
The cerulean imp barely misses you. Natasha attacks as she pursues you!
Natasha claws you.
The cerulean imp hits you from afar with a +0 spear.
You are too injured to fight recklessly!
You shoot a sling bullet. The sling bullet hits Natasha.
Natasha is severely wounded.
The cerulean imp hits you from afar with a +0 spear.
Natasha claws you.
* * * LOW HITPOINT WARNING * * *
The cerulean imp hits you from afar with a +0 spear.
* * * LOW HITPOINT WARNING * * *
The cerulean imp hits you from afar with a +0 spear.
* * * LOW HITPOINT WARNING * * *
Natasha barely misses you.
The cerulean imp hits you from afar with a +0 spear.
* * * LOW HITPOINT WARNING * * *
Unknown command.
Okay, then.
It was a potion of degeneration.
There was something very wrong with that liquid.
You feel weakened.
You feel dopey.
You feel clumsy.
The cerulean imp hits you from afar with a +0 spear.
* * * LOW HITPOINT WARNING * * *
Natasha closely misses you.
The cerulean imp hits you from afar with a +0 spear.
You die...

##########
#........#
#.######.# # # #.#
#.# # #.####.# #.#
# #..55#.# #.# #
#h#.# #.# # #@#.#
#.# # ########.#.#
#.# # ...........#
#.####### #
########.###
#........
############ #.#
########.
...........# #.#
#. ##########.#
#.###############(
####### #.#
#.................
#<....# #.#
#..#..############


You could see Natasha and 2 cerulean imps.

Vanquished Creatures
  An adder (D:2)
  2 dart slugs
  2 endoplasms (D:1)
  6 goblins
  4 hobgoblins
  A kobold (D:2)
  A quokka (D:2)
  2 ball pythons
  2 bats
  A frilled lizard (D:1)
22 creatures vanquished.

Notes
Turn   | Place    | Note
-------+----------+-------------------------------------------
     0 | D:1      | Shayle the Ogre Hexslinger began the quest for the Orb.
     0 | D:1      | Reached XP level 1. HP: 19/19 MP: 2/2
   155 | D:1      | Reached skill level 2 in Fighting
   246 | D:1      | Reached XP level 2. HP: 24/28 MP: 4/4
   831 | D:2      | Reached XP level 3. HP: 36/36 MP: 6/6
   862 | D:2      | Upgraded the game from 0.31-a0-799-g6bc09d010c to
                  | 0.31-a0-803-g95b03c3367
   883 | D:2      | Reached skill level 3 in Fighting
  1144 | D:2      | Noticed Natasha
  1151 | D:2      | Slain by a cerulean imp

Illustrated notes

Levels and vault maps discovered:
D:1:      lightli_arrival_farm, layout_basic
D:2:      layout_loops_ring, nrook_campfire, st_stairs_6,
          uniq_crazy_yiuf_cottage, uniq_jessica, uniq_natasha

Skill      XL: |  1  2  3 |
---------------+----------+-----
Fighting       | 2 3 |  3.2
Spellcasting   | 2 |  2.6
Ranged Weapons | |  1.3
Dodging        | |  1.7
Hexes          | |  2.6
Fire Magic     | |  0.8

Action                     || total
---------------------------++-------
   Fire: Sling             ||    96
    Use: Potion            ||     1
 Armour: Robe              ||    47
  Dodge: Dodged            ||    44

Table legend: (Time is in decaauts)
 A = Elapsed time spent in this place.
 B = Non-inter-level travel time spent in this place.
 C = Inter-level travel time spent in this place.
 D = Time resting spent in this place.
 E = Time spent auto-exploring this place.
 F = Levels seen in this place.
 G = Mean time per level.
                   A        B        C        D        E       F      G
               +--------+--------+--------+--------+--------+-----+--------+
         Total |   1182 |   1142 |     40 |      0 |    953 |   2 |  591.0 |
       Dungeon |   1182 |   1142 |     40 |      0 |    953 |   2 |  591.0 |
               +--------+--------+--------+--------+--------+-----+--------+

Top non-repeatable levels by time:
     D:1: 771 daAuts
     D:2: 411 daAuts
